 Dungeon Crawl Stone Soup version 0.20-a0-9-g62d82d9 (webtiles) character file.

254 JeffiDaFish the Shield-Bearer (level 6, -10/38 HPs)
             Began as a Gargoyle Fighter on Nov 2, 2016.
             Mangled by Menkaure (18 damage)
             ... on level 4 of the Dungeon.
             The game lasted 00:07:16 (2949 turns).

JeffiDaFish the Shield-Bearer (Gargoyle Fighter)    Turns: 2949, Time: 00:07:16

Health: -10/38     AC: 13    Str: 22    XL:     6   Next: 14%
Magic:  6/6        EV:  6    Int:  8    God:
Gold:   136        SH:  9    Dex:  9    Spells: 0 memorised, 5 levels left

rFire  . . .     SeeInvis .     a - +1 rapier
rCold  . . .     Gourm    .     l - +0 chain mail
rNeg   + . .     Faith    .     c - +0 shield
rPois  ∞         Spirit   .     (no helmet)
rElec  +         Reflect  .     (no cloak)
rCorr  .         Harm     .     (no gloves)
MR     .....                    (no boots)
Stlth  ..........               (no amulet)
                                (no ring)
                                (no ring)

@: no status effects
A: negative energy resistance 1, electricity resistance, unbreathing,
petrification resistance, rot immunity, AC +4
a: no special abilities


You were on level 4 of the Dungeon.
You were not hungry.

You visited 1 branch of the dungeon, and saw 4 of its levels.

You collected 136 gold pieces.

Inventory:

Hand Weapons
 a - a +1 rapier (weapon)
Armour
 c - a +0 shield (worn)
 l - a +0 chain mail (worn)
Scrolls
 j - 3 scrolls of identify
Potions
 g - a potion of haste
 i - a potion of flight
Comestibles
 d - 4 chunks of flesh
 f - 4 bread rations
 h - 3 meat rations


   Skills:
 + Level 4.1 Fighting
 + Level 3.9 Short Blades
 + Level 4.1 Armour
 + Level 1.0 Dodging
 + Level 0.5 Stealth
 + Level 4.2 Shields


You had 5 spell levels left.
You didn't know any spells.

Dungeon Overview and Level Annotations

Branches:
Dungeon (4/15)
 Temple: D:4-7

Altars:
Zin

Annotations:
D:3 Sigmund; cutech's ghost, weakling DENe
D:4 Menkaure


Innate Abilities, Weirdness & Mutations

You are resistant to torment.
Your stone body is resilient. (AC +4)
You are immune to poison.
You resist negative energy. (rN+)
You are resistant to electric shocks. (rElec)
You can survive without breathing.
You are immune to petrification.
You are immune to rotting.


Message History

You hit Menkaure but do no damage.
Menkaure is severely damaged.
Menkaure mumbles some strange words.
You block Menkaure's attack.
You hit Menkaure.
Menkaure is almost destroyed.
Menkaure calls on the powers of darkness!
Your body is wracked with pain!
* * * LOW HITPOINT WARNING * * *
You barely miss Menkaure.
Menkaure is almost destroyed.
Menkaure hits you but does no damage.
Menkaure gestures wildly while chanting.
You closely miss Menkaure.
Menkaure is almost destroyed.
Menkaure gestures wildly while chanting.
You hit Menkaure but do no damage.
Menkaure is almost destroyed.
Menkaure hits you!!
You die...

.# #.#####.... #.
#..####.......... #.
#.......####..... ..
..###...####..... .
##....###.... #.
##.....#..... #.###
#..##........
##...####..##..####..
#..M@....[....## ##.
....#..#####.....# ##
# #.. #.....## # ....
#......# ##...
#.....##..#
###......#.## #...
......##.# #.. .....#
#.# #. .... ...


You could see Menkaure.

Vanquished Creatures
  A scorpion (D:4)
  A jelly (D:4)
  An iguana (D:4)
  An orc wizard (D:3)
  A worker ant (D:4)
  2 adders
  7 worms
  A dart slug (D:2)
  A leopard gecko (D:1)
  2 giant cockroaches (D:1)
  4 hobgoblins
  5 jackals
  2 ball pythons
  11 bats
  2 frilled lizards (D:2)
  7 goblins
  8 kobolds
  6 rats
63 creatures vanquished.

Notes
Turn   | Place    | Note
-------+----------+-------------------------------------------
     0 | D:1      | JeffiDaFish the Gargoyle Fighter began the quest for the Orb.
     0 | D:1      | Reached XP level 1. HP: 14/14 MP: 1/1
    53 | D:1      | Reached XP level 2. HP: 17/19 MP: 2/2
   551 | D:1      | Reached XP level 3. HP: 23/23 MP: 3/3
  1300 | D:2      | Reached XP level 4. HP: 22/29 MP: 4/4
  2144 | D:3      | Noticed Sigmund
  2187 | D:3      | Noticed cutech's ghost (weakling DENe)
  2197 | D:4      | Reached XP level 5. HP: 2/33 MP: 5/5
  2762 | D:4      | Found a glowing silver altar of Zin.
  2785 | D:4      | Reached skill level 1 in Dodging
  2785 | D:4      | Reached XP level 6. HP: 32/38 MP: 6/6
  2934 | D:4      | Noticed Menkaure
  2949 | D:4      | Mangled by Menkaure

Vault maps used:
D:1:      minmay_arrival_diagonal_passages, corexii_corridor_pit
D:3:      first_bread, uniq_sigmund
D:4:      kennysheep_mini_moat, uniq_menkaure

Skill      XL: |  1  2  3  4  5 |
---------------+----------------+-----
Short Blades   | 2 3 |  3.9
Armour         | 4 |  4.1
Shields        | 4 |  4.2
Fighting       | 4 |  4.1
Dodging        | 1 |  1.0
Stealth        | |  0.5

Action                   |  1- 3 |  4- 6 || total
-------------------------+-------+-------++-------
Melee: Rapier            |   120 |   164 ||   284
  Use: Potion            |     6 |     2 ||     8
       Scroll            |     2 |     3 ||     5
 Stab: Invisible         |     1 |       ||     1
  Eat: Chunk             |     2 |     5 ||     7
Armor: Scale mail        |    36 |       ||    36
       Mottled dragon sc |    40 |    79 ||   119
       Chain mail        |       |     2 ||     2
Dodge: Dodged            |    56 |    48 ||   104
Block: Shield            |    78 |    75 ||   153
